 Dungeon Crawl Stone Soup version 0.19-a0-994-g3c636f0 (webtiles) character file.

289 Kurtz the Chopper (level 6, 0/47 HPs)
             Began as a Mummy Berserker on July 17, 2016.
             Was a Believer of Trog.
             Slain by an orc warrior
             ... wielding a +0 scimitar
              (20 damage)
             ... on level 4 of the Dungeon.
             The game lasted 00:04:40 (3774 turns).

Kurtz the Chopper (Mummy Berserker)                 Turns: 3774, Time: 00:04:40

Health: 0/47       AC:  9    Str: 21    XL:     6   Next: 9%
Magic:  6/6        EV: 11    Int:  6    God:    Trog [**....]
Gold:   106        SH:  0    Dex: 13    Spells: 0 memorised, 5 levels left

rFire  x . .     SeeInvis .     a - +0 hand axe
rCold  + . .     Gourm    .     e - +0 ring mail
rNeg   + + +     Faith    .     (no shield)
rPois  ∞         Spirit   .     i - +0 helmet
rElec  .         Dismiss  .     (no cloak)
rCorr  .         Reflect  .     (no gloves)
SustAt .         Harm     .     m - +2 pair of boots
MR     .....                    f - amulet of magic regeneration
Stlth  +.........               (no ring)
                                (no ring)

@: not resistant to hostile enchantments, very unstealthy
A: no food or potions, fire vulnerability, cold resistance 1, negative energy
resistance 3, torment resistance, unbreathing
a: Trog's Hand, Burn Spellbooks, Renounce Religion


You were on level 4 of the Dungeon.
You worshipped Trog.
Trog was pleased with you.
You were not hungry.

You visited 1 branch of the dungeon, and saw 4 of its levels.

You collected 236 gold pieces.
You spent 130 gold pieces at shops.

Inventory:

Hand Weapons
 a - a +0 hand axe (weapon)
 c - a +0 dagger of speed
Missiles
 g - 5 tomahawks (quivered)
Armour
 b - a +0 animal skin
 e - a +0 ring mail (worn)
 i - a +0 helmet (worn)
 m - a +2 pair of boots (worn)
Jewellery
 f - an amulet of magic regeneration (around neck)
Wands
 n - a wand of slowing (0/48)
Scrolls
 d - a scroll of teleportation {unknown}
 h - 6 scrolls of identify {unknown}
 k - a scroll of amnesia
 l - a scroll of enchant armour {unknown}


   Skills:
 - Level 3.0 Fighting
 * Level 5.7 Axes
 - Level 1.5 Armour
 - Level 1.5 Dodging


You had 5 spell levels left.
You didn't know any spells.

Dungeon Overview and Level Annotations

Branches:
Dungeon (4/15)
 Temple: D:4-7

Altars:
Cheibriados
Makhleb
Pakellas

Shops:
D:4 :[

Annotations:
D:4 Akett's ghost, amateur DEFE


Innate Abilities, Weirdness & Mutations

You do not eat or drink.
Your flesh is vulnerable to fire.
You are immune to poison.
Your flesh is cold resistant. (rC+)
You are immune to negative energy. (rN+++)
You are immune to unholy pain and torment.
You can survive without breathing.


Message History

The flame tongue hits you! The fire burns you terribly!
There are no items here.
There are no items here.
Akett's ghost gestures at you while chanting.
The flame tongue hits you! The fire burns you terribly!
* * * LOW HITPOINT WARNING * * *
You feel the effects of Trog's Hand fading.
Akett's ghost gestures at you while chanting.
The flame tongue misses you.
The orc wizard casts a spell.
The orc wizard flickers and vanishes!
Deactivating autopickup; reactivate with Ctrl-A.
Your skin stops crawling.
You feel less resistant to hostile enchantments.
Akett's ghost says, "Would you like to be cremated?"
Akett's ghost whispers, "Trust me.
Just give in."
As you read the scroll labeled BIOCSI RUCIFOO, it crumbles to dust.
The scroll dissolves into smoke.
It was a scroll of fog.
The orc warrior hits you with a scimitar!!
You die...

.......# #..# #.# #.......
....#### #..# #.###.####.#
...########..# #.....# #.#
.............# ###.### #.#
............## ### #.# #.#
.########..## ##!### #.######.#
..#######..# #§§§.#####........#
........#..#####§###...###.######
..#####.#....# #@##♣.>.♣##.#
.######....#.###o#.......#.#
...............§W#.<.♣.†.'.#
.######.#######%§#.......### .##
#...# ### #..##♣.>.♣##
..###.#.#######..# #...#
......#...'_'..o## #####
......#.###'###o###### ##......#
#.# #.##...#


You could see an orc warrior and Akett's ghost.

Vanquished Creatures
  2 hounds
  A centaur skeleton (D:4)
  An iguana (D:3)
  2 worker ants (D:4)
  A hound skeleton (D:4)
  7 adders
  A dart slug (D:4)
  6 giant geckos
  2 orcs (D:3)
  2 ball pythons
  3 bats
  A giant cockroach (D:3)
  4 goblins
  3 hobgoblins
  4 jackals
  6 kobolds
  A quokka (D:2)
  A giant newt (D:2)
  5 rats
53 creatures vanquished.

Notes
Turn   | Place    | Note
-------+----------+-------------------------------------------
     0 | D:1      | Kurtz the Mummy Berserker began the quest for the Orb.
     0 | D:1      | Reached XP level 1. HP: 18/18 MP: 1/1
   690 | D:1      | Reached XP level 2. HP: 6/24 MP: 2/2
  1020 | D:2      | Reached skill level 3 in Axes
  1142 | D:2      | HP: 1/24 [adder (1)]
  1404 | D:2      | Reached XP level 3. HP: 27/29 MP: 3/3
  1903 | D:3      | Reached ** piety under Trog
  1903 | D:3      | Reached skill level 4 in Axes
  2097 | D:3      | Reached XP level 4. HP: 30/35 MP: 4/4
  2177 | D:3      | Found a burning altar of Makhleb.
  2660 | D:3      | Reached XP level 5. HP: 38/41 MP: 5/5
  2889 | D:4      | Reached skill level 5 in Axes
  2901 | D:4      | Noticed Akett's ghost (amateur DEFE)
  3065 | D:4      | Found a snail-covered altar of Cheibriados.
  3245 | D:4      | Found Oxegin's Antique Armour Emporium.
  3249 | D:4      | Bought a pair of runed boots for 130 gold pieces
  3584 | D:4      | Found an oddly glowing altar of Pakellas.
  3594 | D:4      | Reached XP level 6. HP: 40/47 MP: 6/6
  3658 | D:4      | Found Congaroch's Book Emporium.
  3724 | D:4      | HP: 2/47 [Akett's ghost/puff of flame (9)]
  3747 | D:4      | Noticed an orc warrior
  3774 | D:4      | Slain by an orc warrior

Vault maps used:
D:1:      roderic_crossed_star
D:3:      makhleb_blood_cavern_becter
D:4:      lemuel_doored_altar, johnstein_pakellas_death_squad, serial_shops,
          nicolae_shop_stone, kennysheep_mini, first_bread, grunt_ministairs_7

Skill      XL: |  1  2  3  4  5 |
---------------+----------------+-----
Axes           | 3 4 5 |  5.7
Fighting       | |  3.0
Armour         | |  1.5
Dodging        | |  1.5

Action                   |  1- 3 |  4- 6 || total
-------------------------+-------+-------++-------
Melee: Hand axe          |   119 |    98 ||   217
Invok: Trog's Hand       |       |     2 ||     2
  Use: Scroll            |       |     2 ||     2
Armor: Animal skin       |     5 |       ||     5
       Ring mail         |    39 |    39 ||    78
Dodge: Dodged            |    78 |    62 ||   140
